AoeStats
← bensigvald

Oasis

509630495Analyzed
4v4 RM · 6d ago on Sep 27, 2026· 104m 46s· 8 players
Game mode
Random Map
Map size
Large (8 player)
Population
200
Speed
Normal
Resources
Standard
Victory
Conquest
Starting age
Dark Age
Ending age
Imperial Age
RankedLock teamsTeams togetherTeam positionsShared explorationLock speedFull tech treeHidden civsTurbo modeCheats
Victory
Defeat
🇺🇸 Britons · United States
607
+16
🇳🇴 Franks · Norway
599
+17
🇮🇳 Persians · India
599
+17
🇨🇿 Teutons · Czechia
595
+17
🇬🇧 Portuguese · United Kingdom
727
-21
🇨🇦 Danes · Canada
669
-19
🇨🇳 Varangians · China
614
-17
🇻🇪 Chinese · Venezuela
453
-10
Dumbzie
0:49 Loom
14:39 Feudal Age
27:23 Castle Age
25:19 Stone Mining
25:21 Gold Mining
25:15 Horse Collar
25:27 Double-Bit Axe
39:18 Imperial Age
38:34 Padded Archer Armor
38:25 Fletching
42:40 Leather Archer Armor
42:21 Bodkin Arrow
43:31 Chemistry
42:51 Ballistics
42:31 Murder Holes
43:10 Conscription
55:42 Bow Saw
56:10 Caravan
57:28 Two-Man Saw
58:32 Gambesons
58:08 Pikeman
58:48 Squires
58:34 Arson
59:24 Ring Archer Armor
58:55 Bracer
59:06 Forging
58:56 Scale Mail Armor
59:28 Fortified Wall
58:51 Elite Longbowman
61:27 Halberdier
63:47 Iron Casting
63:28 Chain Mail Armor
75:06 Blast Furnace
74:37 Plate Mail Armor
100:34 Spies/Treason
Ajghoimer
0:51 Loom
19:47 Feudal Age
20:15 Double-Bit Axe
20:24 Gold Mining
20:28 Stone Mining
21:15 Horse Collar
23:48 Wheelbarrow
28:51 Castle Age
28:11 Forging
28:07 Scale Barding Armor
28:05 Scale Mail Armor
28:49 Bloodlines
29:27 Caravan
29:38 Husbandry
31:16 Arson
31:17 Gambesons
31:34 Squires
30:55 Pikeman
32:57 Heavy Plow
35:43 Iron Casting
35:29 Chain Barding Armor
37:45 Imperial Age
37:23 Halberdier
40:27 Citadels
42:20 Cavalier
53:23 Blast Furnace
52:38 Chain Mail Armor
52:59 Plate Barding Armor
56:34 Plate Mail Armor
56:59 Gold Shaft Mining
63:12 Savar
65:58 Bow Saw
67:11 Chemistry
66:32 Ballistics
76:24 Two-Man Saw
75:59 Crop Rotation
85:25 Heated Shot
85:27 Guard Tower
85:48 Masonry
85:34 Murder Holes
100:51 Spies/Treason
bensigvald
0:30 Loom
14:20 Feudal Age
20:13 Wheelbarrow
19:24 Town Watch
19:49 Double-Bit Axe
22:56 Gold Mining
22:56 Stone Mining
26:16 Castle Age
27:28 Hand Cart
30:31 Bow Saw
36:10 Caravan
42:01 Imperial Age
43:31 Fortified Wall
43:17 Murder Holes
44:24 Chemistry
44:44 Husbandry
44:05 Cavalier
48:26 Scale Barding Armor
48:22 Scale Mail Armor
48:22 Padded Archer Armor
48:13 Fletching
48:34 Forging
49:34 Conscription
52:10 Chain Barding Armor
52:06 Leather Archer Armor
51:46 Bodkin Arrow
54:51 Plate Barding Armor
54:32 Chain Mail Armor
58:03 Plate Mail Armor
58:10 Chivalry
61:42 Iron Casting
103:10 Gold Shaft Mining
101:56 Elite Throwing Axeman
103:12 Hoardings
101:58 Ordonnance Companies
sandeepkumarsdsl
0:42 Loom
17:04 Feudal Age
17:27 Feudal Age
21:20 Wheelbarrow
20:44 Double-Bit Axe
20:54 Gold Mining
20:59 Stone Mining
22:37 Town Watch
22:41 Horse Collar
27:06 Castle Age
25:51 Forging
25:42 Scale Mail Armor
30:50 Stone Shaft Mining
30:52 Iron Casting
30:33 Chain Mail Armor
30:42 Bow Saw
30:40 Caravan
37:26 Fortified Wall
37:26 Masonry
40:12 Imperial Age
40:54 Onager
41:00 Pikeman
41:41 Squires
41:27 Gambesons
41:28 Arson
44:36 Halberdier
45:45 Elite Teutonic Knight
49:25 Two-Man Saw
48:28 Heavy Plow
49:44 Chemistry
49:05 Ballistics
48:35 Heated Shot
48:53 Siege Engineers
49:26 Plate Mail Armor
50:26 Cavalier
52:30 Blast Furnace
51:53 Siege Onager
75:17 Paladin
RICH9058120
10:48 Feudal Age
19:53 Castle Age
19:09 Arson
19:40 Forging
20:59 Wheelbarrow
20:11 Loom
23:13 Squires
33:36 Imperial Age
34:02 Capped Ram
39:39 Onager
40:40 Double-Bit Axe
40:41 Horse Collar
Brido1970
11:11 Feudal Age
10:15 Loom
11:38 Double-Bit Axe
17:28 Castle Age
16:52 Stone Mining
17:14 Horse Collar
23:19 Heavy Plow
25:24 Bow Saw
27:34 Fletching
28:49 Bodkin Arrow
30:28 Wheelbarrow
31:05 Caravan
32:17 Forging
32:13 Scale Barding Armor
33:39 Bloodlines
33:58 Gold Mining
38:34 Imperial Age
37:20 Hand Cart
37:50 Iron Casting
37:37 Chain Barding Armor
39:10 Scale Mail Armor
38:55 Pikeman
40:05 Conscription
40:09 Cavalier
42:21 Light Cavalry
45:11 Blast Furnace
44:12 Bracer
47:25 Town Watch
48:00 Chain Mail Armor
47:47 Padded Archer Armor
Amber
0:40 Loom
15:02 Feudal Age
15:39 Town Watch
16:35 Wheelbarrow
16:40 Town Watch
17:20 Double-Bit Axe
19:15 Horse Collar
29:12 Castle Age
27:11 Gold Mining
27:52 Stone Mining
28:16 Forging
28:13 Scale Barding Armor
27:59 Fletching
28:13 Padded Archer Armor
29:21 Arson
29:38 Scale Mail Armor
30:17 Bow Saw
35:56 Husbandry
36:45 Fervor
37:12 Stone Shaft Mining
36:37 Murder Holes
37:02 Bloodlines
37:53 Coinage
38:20 Hand Cart
38:26 Hand Cart
40:22 Caravan
43:34 Chain Barding Armor
43:51 Iron Casting
44:38 Ballistics
48:38 Imperial Age
46:10 Bodkin Arrow
46:31 Leather Archer Armor
47:01 Fortified Wall
46:33 Treadmill Crane
47:04 Masonry
46:58 Gambesons
47:15 Squires
48:16 Town Patrol
51:35 Blast Furnace
51:11 Plate Barding Armor
51:39 Chemistry
51:28 Architecture
51:27 Illumination
51:07 Heavy Plow
52:31 Two-Man Saw
52:18 Conscription
53:01 Crop Rotation
52:24 Cavalier
53:37 Pikeman
54:38 Chain Mail Armor
54:34 Gothikon
56:15 Siege Engineers
56:12 Bracer
56:15 Vendel Legacy
56:22 Vendel Legacy
58:15 Plate Mail Armor
60:23 Ring Archer Armor
61:41 Cranequins
61:43 Heavy Mounted Crossbowman
63:55 Banking
63:36 Guilds
65:22 Elite Jarl
71:00 Elite Varangian Guard
71:02 Halberdier
juliocesar_111_7
0:47 Loom
13:15 Feudal Age
14:40 Wheelbarrow
13:53 Double-Bit Axe
14:02 Gold Mining
13:56 Horse Collar
14:17 Stone Mining
14:41 Town Watch
22:59 Castle Age
21:04 Padded Archer Armor
21:41 Fletching
22:57 Forging
22:48 Scale Mail Armor
22:56 Scale Barding Armor
22:13 Man-at-Arms
24:51 Bow Saw
25:12 Caravan
25:25 Town Patrol
26:22 Hand Cart
27:06 Leather Archer Armor
26:48 Bodkin Arrow
31:07 Ballistics
31:00 Fortified Wall
36:52 Imperial Age
35:05 Squires
34:27 Pikeman
34:28 Long Swordsman
34:53 Arson
35:48 Iron Casting
35:30 Chain Mail Armor
35:40 Chain Barding Armor
36:22 Masonry
36:09 Murder Holes
36:16 Great Wall
38:25 Ring Archer Armor
37:56 Bracer
39:10 Chemistry
38:34 Conscription
39:58 Rocketry
39:37 Heavy Scorpion
40:55 Architecture
41:31 Two-Man Saw
40:37 Heavy Plow
41:48 Elite Chu Ko Nu
44:18 Blast Furnace
44:24 Heavy Rocket Cart
86:53 Capped Ram
Connection lost

Rejoining the realm…

Still unreachable

The connection could not be restored.

Session expired

The server has moved on; the page needs a fresh start.